Map: Eastwatch LE

Players

Maru - Winner!

  • Race: Terran Terran
  • Spawn Location: 1:00

sOs

  • Race: Protoss Protoss
  • Spawn Location: 7:00

Event: IEM Season 12 - Katowice

VOD

Have the link to the VOD?

Description

Time

  • Played on: March 3, 2018, 10:03 a.m.
  • Length: 11:27

All games in this series

Show
View Real Time Build Order
Export as new Build Order

Maru Terran - Winner!

Build Orders: Cyclone Opening, Gas First Reaper Expand, Reaper Expand, MMM Bio 

Get SALT Encoding   

  12  0:00  SCV  
  13  0:12  SCV  
  14  0:17  Supply Depot  
  14  0:25  SCV  
  15  0:29  Refinery  
  15  0:39  SCV  
  16  0:44  Barracks  
  16  0:51  SCV  
  17  1:03  SCV  
  18  1:15  SCV  
  19  1:30  Orbital Command  
  19  1:31  Reaper  
  20  1:46  Command Center  
  20  1:57  SCV  
  21  2:03  Factory  
  21  2:09  Refinery  
  21  2:10  SCV  
  21  2:14  Barracks Reactor  
  22  2:22  Supply Depot  
  22  2:24  SCV  
  24  2:44  SCV  
  24  2:48  Starport  
  24  2:51  Marine  
  24  2:52  Marine  
  24  2:56  SCV  
  24  2:58  Cyclone  
  29  3:08  SCV  
  29  3:09  Marine  
  29  3:12  Orbital Command  
  30  3:20  Marine  
  30  3:22  SCV  
  32  3:27  Marine  
  32  3:28  Supply Depot  
  32  3:33  Medivac  
  35  3:35  SCV  
  35  3:38  Marine  
  36  3:45  SCV  
  37  3:51  Cyclone, Marine  
  37  3:55  SCV  
  42  4:04  Supply Depot  
  42  4:05  Starport Tech Lab  
  42  4:06  SCV  
  42  4:07  SCV  
  44  4:18  SCV  
  44  4:19  SCV  
  44  4:21  Barracks, Refinery  
  46  4:25  Raven  
  46  4:28  Supply Depot  
  46  4:30  SCV  
  46  4:31  SCV  
  50  4:33  Marine  
  50  4:35  Factory Tech Lab  
  51  4:43  SCV, Barracks  
  52  4:47  Engineering Bay  
  52  4:48  SCV  
  53  4:55  SCV  
  54  5:00  SCV  
  54  5:01  Siege Tank  
  56  5:07  SCV  
  56  5:12  SCV  
  49  5:18  Terran Infantry Weapons Level 1  
  49  5:19  SCV  
  49  5:20  Bunker  
  50  5:23  Starport Reactor, Stimpack, Marauder  
  50  5:24  SCV  
  53  5:30  Marine x2  
  53  5:31  SCV  
  56  5:36  SCV, Siege Tank  
  60  5:43  SCV  
  60  5:48  SCV  
  60  5:52  Marine x2, Marauder  
  60  5:55  SCV  
  59  6:01  SCV  
  55  6:07  SCV  
  55  6:10  Marine  
  54  6:14  Marine, Marauder  
  56  6:23  SCV  
  56  6:25  SCV  
  55  6:31  Marine  
  55  6:32  Marine  
  54  6:35  SCV, Marauder  
  54  6:37  SCV  
  51  6:45  Marine  
  51  6:46  Medivac  
  53  6:47  SCV, Medivac  
  53  6:49  SCV, Marine  
  53  6:50  Marine  
  59  6:56  Marauder  
  59  7:01  Factory Reactor  
  61  7:02  Supply Depot  
  61  7:05  Concussive Shells  
  61  7:11  Marine  
  62  7:23  Supply Depot  
  62  7:24  SCV x2, Marauder x2  
  62  7:27  Combat Shields  
  62  7:28  Marine  
  62  7:29  Marine  
  70  7:41  Supply Depot  
  70  7:45  Widow Mine x2, SCV x2  
  70  7:49  Marauder  
  78  7:54  Marine  
  78  7:55  Marauder  
  78  7:56  Supply Depot  
  78  7:57  SCV x2  
  83  8:05  Medivac  
  85  8:06  Widow Mine x2  
  85  8:09  SCV  
  85  8:12  Marine x3  
  92  8:17  Missile Turret  
  92  8:21  SCV x2  
  92  8:22  Marine  
  95  8:30  Marine, Marauder  
  96  8:40  SCV, Marine  
  94  8:41  Marauder  
  94  8:47  Marine  
  84  8:52  Marauder  
  83  8:58  Marine  
  81  9:02  Marauder  
  81  9:05  Marine  
  81  9:08  SCV  
  78  9:13  Marauder  
  78  9:16  Marine  
  80  9:21  SCV x2  
  80  9:23  Marine  
  80  9:24  Marauder  
  85  9:27  Widow Mine  
  85  9:28  Widow Mine  
  89  9:34  Marine, Marauder  
  92  9:41  Marine  
  92  9:45  Marauder  
  95  9:48  Widow Mine  
  95  9:49  Widow Mine  
  99  9:56  Marauder  
  99  9:57  Marine  
  99  9:59  Marine  
  101  10:07  Marauder  
  92  10:22  Marine x2  
  92  10:23  Marauder  
  92  10:27  Orbital Command  
  85  10:29  Marine  
  73  10:44  SCV  
  73  10:45  Marine, Marauder  
  74  10:56  SCV, Marine, Marauder  
Show
View Real Time Build Order
Export as new Build Order

sOs Protoss 

Build Orders: Blink Stalkers 

Get SALT Encoding   

  12  0:00  Probe  
  13  0:12  Probe  
  14  0:17  Pylon  
  14  0:25  Probe (Chrono Boost)  
  15  0:37  Probe (Chrono Boost)  
  15  0:42  Gateway  
  16  0:45  Probe (Chrono Boost)  
  17  0:50  Assimilator  
  17  0:51  Probe  
  18  1:03  Probe  
  19  1:15  Probe  
  20  1:28  Pylon  
  20  1:29  Zealot  
  20  1:30  Cybernetics Core  
  20  1:32  Probe  
  24  1:50  Nexus  
  23  2:05  Stalker (Chrono Boost)  
  25  2:10  Probe  
  25  2:12  Warp Gate  
  26  2:17  Assimilator  
  25  2:24  Probe  
  25  2:26  Stalker (Chrono Boost)  
  28  2:33  Pylon  
  28  2:36  Probe  
  29  2:50  Probe  
  30  2:53  Twilight Council  
  30  3:01  Stalker (Chrono Boost)  
  30  3:02  Probe  
  33  3:13  Probe  
  33  3:14  Probe  
  35  3:23  Stalker (Chrono Boost)  
  35  3:25  Probe  
  35  3:26  Probe  
  37  3:33  Blink (Chrono Boost)  
  37  3:39  Probe (Chrono Boost)  
  37  3:41  Probe (Chrono Boost)  
  35  3:51  Probe (Chrono Boost)  
  35  3:54  Gateway  
  37  3:57  Probe (Chrono Boost)  
  37  3:58  Probe (Chrono Boost)  
  38  4:03  Gateway  
  38  4:05  Probe  
  38  4:07  Probe  
  40  4:16  Dark Shrine  
  40  4:21  Probe x2  
  42  4:26  Assimilator  
  42  4:30  Stalker  
  43  4:33  Probe, Shield Battery  
  44  4:40  Pylon  
  44  4:45  Probe  
  45  4:52  Probe  
  46  4:57  Probe  
  46  4:59  Stalker x3  
  53  5:04  Probe  
  52  5:09  Probe  
  52  5:12  Pylon  
  53  5:16  Probe  
  54  5:21  Probe  
  55  5:32  Pylon, Stalker x3  
  55  5:34  Probe x2  
  62  5:44  Nexus  
  58  5:58  Dark Templar x2  
  62  6:09  Dark Templar  
  62  6:11  Probe x2  
  64  6:23  Probe x2  
  64  6:25  Robotics Facility  
  60  6:31  Charge (Chrono Boost)  
  58  6:35  Probe x2  
  56  6:40  Gateway  
  56  6:41  Gateway  
  56  6:43  Gateway  
  56  6:45  Zealot x3, Gateway  
  62  6:58  Gateway  
  65  7:01  Probe (Chrono Boost)  
  65  7:02  Pylon  
  65  7:05  Probe (Chrono Boost)  
  65  7:06  Probe (Chrono Boost)  
  65  7:10  Sentry  
  65  7:11  Zealot x2  
  65  7:14  Warp Prism (Chrono Boost)  
  71  7:17  Probe (Chrono Boost)  
  71  7:18  Pylon  
  74  7:35  Probe  
  75  7:37  Shield Battery  
  75  7:39  Pylon  
  75  7:40  Immortal (Chrono Boost)  
  79  7:45  Stalker x5  
  89  7:56  Zealot x2  
  93  7:59  Pylon  
  93  8:00  Pylon  
  93  8:06  Zealot  
  93  8:08  Zealot, Dark Templar  
  93  8:09  Zealot  
  93  8:11  Forge  
  101  8:13  Pylon  
  101  8:24  Dark Templar  
  101  8:26  Pylon, Zealot x4  
  112  8:41  Immortal  
  112  8:43  Dark Templar  
  112  8:50  Stalker x3  
  112  8:53  Zealot x3  
  116  9:03  Zealot  
  116  9:05  Probe x2  
  110  9:11  Protoss Ground Weapons Level 1 (Chrono Boost)  
  110  9:13  Zealot x6  
  115  9:22  Dark Templar  
  117  9:32  Probe  
  117  9:34  Assimilator  
  118  9:38  Dark Templar  
  118  9:40  Zealot x5  
  128  9:49  Observer (Chrono Boost)  
  128  9:52  Zealot  
  129  10:02  Stalker x2  
  133  10:07  Pylon  
  133  10:08  Pylon  
  121  10:24  Zealot x4  
  121  10:25  Zealot x2  
  121  10:27  Zealot x2  
  101  10:28  Immortal (Chrono Boost)  
  44  10:50  Stalker x4  
  44  10:51  Zealot x2, Stalker x2  
  60  10:58  Shield Battery  
  63  11:13  Zealot x2  

Tags
 
Add a new tag
Caveats
  • Supply blocks, unpowered buildings, or Contaminate may cause inaccurate times.
  • Supply counts are checked every 10 seconds.